 Dungeon Crawl Stone Soup version 0.24.0-37-gcf1ca852f1 (webtiles) character file.

Game seed: 14229124488326286612, levelgen mode: deterministic

1095 Delarado the Archer (level 8, 0/66 HPs)
             Began as a Centaur Arcane Marksman on Dec 1, 2019.
             Slain by Prince Ribbit (3 damage)
             ... on level 5 of the Dungeon on Dec 2, 2019.
             The game lasted 00:25:05 (8733 turns).

Delarado the Archer (Centaur Arcane Marksman)       Turns: 8733, Time: 00:25:05

Health: 0/66       AC: 10    Str: 14    XL:     8   Next: 10%
Magic:  9/9        EV:  4    Int: 21    God:
Gold:   220        SH:  0    Dex:  9    Spells: 8/9 levels left

rFire    + . .     SeeInvis .   y - +1 dagger of Lirhanit {flame, rF+ rN+ Dex-2}
rCold    . . .     Gourm    .   (no shield)
rNeg     + . .     Faith    .   x - +3 chain mail of a Labyrinth {Int+9}
rPois    .         Spirit   .   (no helmet)
rElec    .         Reflect  .   (no cloak)
rCorr    .         Harm     .   (no gloves)
MR       .....                  (no barding)
Stlth    ..........             (no amulet)
HPRegen  0.21/turn              (no ring)
MPRegen  0.11/turn              (no ring)

@: very quick
A: large, hooves 3, deformed body, speed 2, tough skin 3
a: no special abilities


You were on level 5 of the Dungeon.
You were hungry.

You visited 1 branch of the dungeon, and saw 5 of its levels.

You collected 220 gold pieces.

Inventory:

Hand Weapons
 a - a +1 shortbow
 o - a +0 whip
 y - the +1 dagger of Lirhanit (weapon) {flame, rF+ rN+ Dex-2}
   (You found it on level 4 of the Dungeon)

   It has been specially enchanted to burn those struck by it, causing extra
   injury to most foes and up to half again as much damage against particularly
   susceptible opponents.
   It affects your dexterity (-2).
   It protects you from fire.
   It protects you from negative energy.
Missiles
 d - 9 arrows
 v - an atropa-tipped dart (quivered)
 z - 73 stones
 B - 4 boomerangs
Armour
 e - a +0 robe
 w - a +2 ring mail of positive energy
 x - the +3 chain mail of a Labyrinth (worn) {Int+9}
   (You found it on level 4 of the Dungeon)

   It affects your intelligence (+9).
Wands
 q - a wand of paralysis (11)
 r - a wand of enslavement (5)
Scrolls
 b - 2 scrolls of remove curse
 g - 3 scrolls of amnesia
 h - 2 scrolls of enchant armour {unknown}
 i - a scroll of fog
 k - a scroll of magic mapping {unknown}
 p - a scroll of teleportation
 t - 2 scrolls of enchant weapon
 u - a scroll of random uselessness {unknown}
 A - a scroll of immolation {unknown}
Potions
 c - 2 potions of haste {unknown}
 j - 2 potions of invisibility
 l - a potion of resistance
 m - 4 potions of curing {unknown}
 n - 3 potions of heal wounds {unknown}
 s - 3 potions of berserk rage {unknown}
Comestibles
 f - 11 rations
 C - a chunk of flesh


   Skills:
 + Level 3.8 Fighting
 - Level 10.6 Bows
 + Level 3.5 Throwing
 - Level 1.3 Dodging
 - Level 1.0 Spellcasting
 - Level 2.6 Hexes


You had 8 spell levels left.
You knew the following spells:

 Your Spells              Type           Power        Failure   Level  Hunger
a - Corona                Hex            ##.....      86%         1    ##.....

Your spell library contained the following spells:

 Spells                   Type           Power        Failure   Level  Hunger
 Slow                     Hex            ##......     94%         2    ###....
 Inner Flame              Hex/Fire       #.......     100%        3    ####...
 Portal Projectile        Hex/Tloc       #.....       100%        3    ####...
 Cause Fear               Hex            ##........   100%        4    #####..
 Leda's Liquefaction      Hex/Erth       #.........   100%        4    #####..


Dungeon Overview and Level Annotations

Branches:
Dungeon (5/15)
 Temple: D:4-7

Altars:
Ashenzari
Ru
Sif Muna
Vehumet
Wu Jian
Zin

Annotations:
D:2 2 transporters
D:5 Prince Ribbit


Innate Abilities, Weirdness & Mutations

You have hooves in place of feet.
Armour fits poorly on your strangely shaped body.
You cover ground very quickly.
You have extremely tough skin. (AC +3)


Message History

You throw an atropa-tipped dart.
The atropa-tipped dart hits Prince Ribbit!
Prince Ribbit appears confused.
Prince Ribbit is lightly wounded.
Prince Ribbit seems less confused.
Prince Ribbit hits you!
* * * LOW HITPOINT WARNING * * *
You see here an atropa-tipped dart.
You barely miss Prince Ribbit. Your kick misses Prince Ribbit.
Prince Ribbit is lightly wounded.
Prince Ribbit hits you but does no damage.
Prince Ribbit hits you.
* * * LOW HITPOINT WARNING * * *
You hit Prince Ribbit. You burn Prince Ribbit. You kick Prince Ribbit!
Prince Ribbit is heavily wounded.
Prince Ribbit hits you but does no damage.
You closely miss Prince Ribbit. Your kick misses Prince Ribbit.
Prince Ribbit is heavily wounded.
Prince Ribbit hits you.
You die...

##..####...#).###.####.#.
######.[.##.....#..# #.# ##÷#.
#...........#...#..# #.# #....
####.####...........).#
#.......% .....#
#..####..###)## #####....
###### #..# #......#### ##.#.
# #..####.r###....# .... #
#.......F....##.# ..#. #
##.####.@###.##.## .### # #.#
#..# #.#.#.# #. # #.####..#
#####.#### # ##.......#
#♣PP.PPP♣# # #........#
♣PP...PPP#
#########.#.##.#####♣#.....P♣#
.))...)...#[##(....##.......♣
###########.#########...§..)♣
# #F# ♣.......♣


You could see Prince Ribbit (blind) and a rat.

Vanquished Creatures
  Menkaure (D:4)
  A phantom (D:5)
  An ice beast (D:5)
  An ogre (D:4)
  A big kobold (D:5)
  A scorpion (D:5)
  A bullfrog zombie (D:5)
  2 hounds
  An orc priest (D:4)
  6 orc wizards
  Ijyb (D:4)
  3 worker ants (D:4)
  A hound skeleton (D:4)
  4 gnolls (D:3)
  6 adders
  An ooze (D:2)
  An adder skeleton (D:5)
  A worm (D:3)
  A dart slug (D:2)
  2 leopard geckos
  11 orcs
  6 bats
  4 giant cockroaches
  8 goblins
  9 hobgoblins
  5 jackals
  13 kobolds
  3 quokkas
  3 ball pythons
  3 frilled lizards
  2 jackal skeletons
  A quokka skeleton (D:5)
  6 rats
111 creatures vanquished.

Vanquished Creatures (others)
  A plant (D:5)
1 creature vanquished.

Grand Total: 112 creatures vanquished

Notes
Turn   | Place    | Note
-------+----------+-------------------------------------------
     0 | D:1      | Delarado the Centaur Arcane Marksman began the quest for
                  | the Orb.
     0 | D:1      | Reached XP level 1. HP: 16/16 MP: 2/2
    15 | D:1      | Reached skill level 3 in Bows
   143 | D:1      | Reached XP level 2. HP: 23/23 MP: 3/3
   266 | D:1      | Reached skill level 4 in Bows
   287 | D:1      | You fall into a shaft and drop 1 floor!
  1149 | D:2      | Found a transporter.
  1149 | D:2      | Noticed a phantom
  1153 | D:2      | Found a transporter.
  1250 | D:2      | Reached XP level 3. HP: 20/28 MP: 0/4
  1411 | D:2      | Reached skill level 5 in Bows
  1633 | D:2      | Found a radiant altar of Vehumet.
  2091 | D:2      | Reached XP level 4. HP: 32/35 MP: 3/5
  2355 | D:3      | Reached skill level 6 in Bows
  3121 | D:3      | Reached skill level 7 in Bows
  3121 | D:3      | Reached XP level 5. HP: 12/40 MP: 6/6
  3379 | D:3      | Found an ornate altar of the Wu Jian Council.
  3614 | D:3      | Found a sacrificial altar of Ru.
  3618 | D:3      | Found a glowing silver altar of Zin.
  4271 | D:4      | Noticed an ogre
  4298 | D:3      | Reached skill level 8 in Bows
  4756 | D:4      | Killed an ogre
  4756 | D:4      | Reached XP level 6. HP: 17/47 MP: 7/7
  4953 | D:4      | Got a pitted chain mail
  4964 | D:4      | Identified the +3 chain mail of a Labyrinth {Int+9} (You
                  | found it on level 4 of the Dungeon)
  5018 | D:4      | Reached skill level 9 in Bows
  5574 | D:4      | HP: 2/47 [orc wizard/magic dart (6)]
  5955 | D:4      | Noticed Menkaure
  5965 | D:4      | Killed Menkaure
  6142 | D:4      | Reached skill level 10 in Bows
  6142 | D:4      | Reached XP level 7. HP: 50/52 MP: 8/8
  6411 | D:4      | Found a shattered altar of Ashenzari.
  6427 | D:4      | Got a transparent dagger
  6428 | D:4      | Identified the cursed +1 dagger of Lirhanit {flame, rF+ rN+
                  | Dex-2} (You found it on level 4 of the Dungeon)
  6491 | D:4      | Found a shimmering blue altar of Sif Muna.
  6800 | D:4      | Noticed Ijyb
  6884 | D:4      | Paralysed by Ijyb for 7 turns
  6897 | D:4      | Killed Ijyb
  7037 | D:5      | Entered Level 5 of the Dungeon
  7074 | D:4      | Reached skill level 1 in Throwing
  8452 | D:5      | Reached XP level 8. HP: 62/64 MP: 9/9
  8656 | D:5      | Noticed Prince Ribbit
  8731 | D:5      | HP: 2/66 [Prince Ribbit (2)]
  8733 | D:5      | Slain by Prince Ribbit

Levels and vault maps discovered:
D:1:      matt_arrival_spirals, layout_rooms
D:2:      layout_basic, gammafunk_temple_overflow_arena, minmay_curled_crystal,
          kennysheep_boxes
D:3:      minmay_spotlight, layout_loops_corners, lemuel_round_altar, minitemple
D:4:      kennysheep_the_goblin_king, layout_cave_pools, ashenzari_altar_1,
          kennysheep_little_box, first_ration, uniq_menkaure, uniq_ijyb
D:5:      layout_loops_ring, marbit_many_paths,
          lemuel_zombie_altar_kikubaaqudgha, lexackson_kobold_supper,
          uniq_prince_ribbit1, uniq_grinder

Skill      XL: |  1  2  3  4  5  6  7 |
---------------+----------------------+-----
Bows           | 3 4 5 7 8 10 | 10.6
Fighting       | 3 |  3.8
Throwing       | 3 |  3.5
Dodging        | |  1.3
Spellcasting   | |  1.0
Hexes          | |  2.6

Action                   |  1- 3 |  4- 6 |  7- 9 || total
-------------------------+-------+-------+-------++-------
Melee: Whip              |    33 |   139 |     7 ||   179
       Kick              |     3 |    19 |    39 ||    61
       Dagger            |       |       |   167 ||   167
 Fire: Shortbow          |    84 |   124 |    50 ||   258
Throw: Dart              |       |     5 |    10 ||    15
       Stone             |       |     4 |     2 ||     6
       Boomerang         |       |       |    45 ||    45
 Cast: Corona            |    19 |     6 |       ||    25
Evoke: Wand              |       |     2 |       ||     2
  Use: Scroll            |       |     7 |     1 ||     8
  Eat: Chunk             |     3 |    11 |     8 ||    22
Armor: Robe              |    36 |    14 |       ||    50
       Ring mail         |       |    50 |       ||    50
       Chain mail        |       |    51 |   168 ||   219
Dodge: Dodged            |    22 |    80 |    46 ||   148
